 Dungeon Crawl Stone Soup version 0.30-a0-187-gd9c2deaf24 (webtiles) character file.

Game seed: 7669140184946472730

3588 Newt the Slicer (level 9, -7/69 HPs)
             Began as a Demonspawn Gladiator on Oct 3, 2022.
             Was a Follower of Dithmenos.
             Mangled by an orc warrior
             ... wielding a +0 glaive
              (17 damage)
             ... in a bailey.
             The game lasted 00:13:53 (6795 turns).

Newt the Slicer (Demonspawn Gladiator)              Turns: 6795, Time: 00:13:54

Health: -7/69      AC:  7    Str: 16    XL:     9   Next: 85%
Magic:  18/18      EV: 14    Int: 10    God:    Dithmenos [*.....]
Gold:   23         SH:  9    Dex: 17    Spells: 8/8 levels left

rFire   + + .      SeeInvis +    r - +8 dagger of the Orbs {venom, MP+9}
rCold   + . .      Faith    .    L - +0 buckler
rNeg    . . .      Spirit   .    w - +2 leather armour {Will+}
rPois   .          Reflect  +    y - +0 mask of the Dragon {Will+ Slay+3 SInv}
rElec   .          Harm     .    n - scarf {rC+ rF+}
rCorr   .          Rampage  .    (no gloves)
Will    ++...                    (no boots)
Stlth   ++++......               K - amulet of reflection
HPRegen 0.31/turn                u - ring of protection from fire
MPRegen 0.16/turn                (no ring)

@: wreathed by umbra, studying Poison Magic
A: antennae 2, molten scales 1, demonic guardian 1, foul stench 2
a: Renounce Religion


You were in a bailey.
You worshipped Dithmenos.
Dithmenos was aware of your devotion.
You visited 2 branches of the dungeon, and saw 8 of its levels.
You also visited: Bailey.

You collected 353 gold pieces.
You spent 330 gold pieces at shops.

Inventory:

Hand Weapons
 a - a +0 rapier
 r - the +8 dagger of the Orbs (weapon) {venom, MP+9}
   (You found it on level 2 of the Dungeon)

   It poisons the flesh of those it strikes.
   MP:        It affects your magic capacity (+9).
Missiles
 d - 3 throwing nets (quivered)
 e - a javelin
 m - 15 poisoned darts
 q - 2 curare-tipped darts
 A - 4 datura-tipped darts
 H - 12 boomerangs
Armour
 b - a +0 leather armour
 c - a +0 helmet
 h - a +0 ring mail
 n - a scarf of resistance (worn)
 w - a +2 leather armour of willpower (worn)
 x - +0 steam dragon scales
 y - the +0 mask of the Dragon (worn) {Will+ Slay+3 SInv}
   (You found it on level 4 of the Dungeon)

   Slay:      It affects your accuracy & damage with ranged weapons and melee
   (+3).
   SInv:      It lets you see invisible.
   Will:      It increases your willpower.
 D - the +1 cloak of Volecy {rElec rPois Str-3 Dex-2}
   (You found it on level 5 of the Dungeon)

   Str:       It affects your strength (-3).
   Dex:       It affects your dexterity (-2).
   rElec:     It insulates you from electricity.
   rPois:     It protects you from poison.
 L - a +0 buckler (worn)
 O - a +0 pair of gloves
Jewellery
 u - a ring of protection from fire (left hand)
 v - an amulet of magic regeneration
 J - a ring of see invisible
 K - an amulet of reflection (around neck)
Wands
 f - a wand of mindburst (24)
 E - a wand of flame (6)
 F - a wand of light (7)
Scrolls
 l - 3 scrolls of silence
 o - 2 scrolls of fear
 p - a scroll of blinking
 t - 2 scrolls of teleportation
 B - a scroll of butterflies
 C - a scroll of poison
 M - a scroll of identify
Potions
 g - 3 potions of might
 i - a potion of mutation
 j - 4 potions of curing
 k - a potion of ambrosia
 s - 2 potions of lignification
 z - a potion of degeneration
 G - a potion of attraction
 I - a potion of heal wounds
 N - a potion of invisibility {unknown}


   Skills:
 - Level 6.0 Fighting
 - Level 8.0 Short Blades
 - Level 1.7 Throwing
 - Level 4.0 Armour
 - Level 6.0 Dodging
 - Level 6.0 Stealth
 + Level 2.7 Evocations


You had 8 spell levels left.
You didn't know any spells.
Your spell library contained the following spells:

 Spells                   Type           Power      Damage    Failure   Level
 Apportation              Tloc           0%         N/A       54%         1
 Necrotise                Necr           0%         1d4       54%         1
 Summon Small Mammal      Summ           0%         N/A       54%         1
 Dazzling Flash           Conj/Hex       0%         N/A       88%         3
 Animate Dead             Necr           0%         N/A       99%         4
 Iskenderun's Mystic Bla  Conj/Tloc      0%         2d3       99%         4
 Starburst                Conj/Fire      0%         6d3       100%        6
 Haunt                    Necr/Summ      0%         N/A       100%        7
 Infestation              Necr           0%         N/A       100%        8


Dungeon Overview and Level Annotations

Branches:
Dungeon (7/15)             Temple (1/1) D:4          Bailey (1/1)

Altars:
Ashenzari
Cheibriados
Dithmenos
Fedhas
Gozag
Hepliaklqana
Kikubaaqudgha
Makhleb
Okawaru
Qazlal
Ru
Sif Muna
Trog
Uskayaw
Vehumet
Wu Jian
Xom
Yredelemnul

Shops:
D:6 ===


Innate Abilities, Weirdness & Mutations

You have a pair of antennae on your head.
You are partially covered in molten scales. (AC +2)
A weak demonic guardian rushes to your aid.
You sometimes emit foul miasma when damaged in melee.


Message History

* * * LOW HITPOINT WARNING * * *
A demonic guardian appears!
You swap places.
The orc knight shouts!
You hear a shout!
You block the orc's attack. The orc misses you.
The orc warrior barely misses you.
There is a large open door here.
Your iron imp completely misses the orc.
The orc closely misses you.
The orc warrior closely misses your iron imp.
Your iron imp hits the orc but does no damage.
The orc warrior hits your iron imp with a +0 glaive!
Your iron imp hits the orc warrior.
The orc warrior hits your iron imp with a +0 glaive!!
Your iron imp dies!
Your iron imp disappears in a puff of smoke!
The orc knight roars a battlecry!
The orcs go into a battle-frenzy!
You kill the orc!
Dithmenos accepts your kill.
You feel much better. You block the orc warrior's attack.
Unknown command.
Aiming: Bolt of Light
Press: ? - help, Q - select action, (/) - cycle Shift-Dir - straight line, f - orc knight
Aim: an orc knight, wielding a +0 trident and wearing a +0 ring mail (64% to hit)
The bolt of light hits the orc warrior.
The orc warrior is lightly wounded.
The orc warrior is blinded.
The bolt of light hits the orc knight!
The orc knight is moderately wounded.
The orc knight is blinded.
The orc warrior hits you from afar with a +0 halberd!
A demonic guardian appears!
You block the orc's attack.
Unknown command.
The orc warrior hits you from afar with a +0 glaive!!
* * * LOW HITPOINT WARNING * * *
The orc hits you but does no damage.
The orc knight hits you with a +0 trident.
* * * LOW HITPOINT WARNING * * *
The orc warrior hits you with a +0 glaive!
You die...

#...≈≈≈≈≈♣..####
##.♣..≈≈≈≈♣..#$.####
###.....≈≈≈≈...#.....
♣♣♣....♣..≈≈≈≈.♣.##...
{
♣♣.........≈≈≈≈....#..#
♣.........######...#.8#
♣..∩...............#))#
♣.....5...o.....)..'..#
♣.......o@.o.......'.)#
♣..∩.....oo....)...#.)#
♣.........######...#.8#
♣♣......♣..≈≈≈≈....#..#
♣♣♣...♣♣..≈≈≈≈...##...
###.....≈≈≈≈...#.....
## #..≈≈≈≈≈..#$.####
#...≈≈≈≈..####
♣..≈≈≈≈≈..


You could see an orc knight (wandering, blind), 2 orc warriors, 2 orcs and a
friendly white imp (summoned).

Vanquished Creatures
  A boulder beetle (D:7)
  Sigmund (D:2)
  Eustachio (D:4)
  A steam dragon (D:7)
  4 orc warriors
  2 water moccasins (D:5)
  2 ice beasts
  3 sky beasts
  A phantom (D:4)
  A bullfrog (D:7)
  A gnoll sergeant (D:7)
  4 scorpions
  4 wights (D:6)
  A howler monkey (D:7)
  2 hounds
  2 jellies
  3 orc priests
  Crazy Yiuf (D:2)
  4 iguanas
  Jessica (D:3)
  Terence (D:2)
  2 orc wizards
  11 adders
  7 gnolls
  8 river rats (D:5)
  A shadow imp (D:5)
  A white imp (D:7)
  3 ufetubi
  A dart slug (D:4)
  14 orcs
  7 ball pythons
  2 bats
  10 endoplasms
  A giant cockroach (D:3)
  6 hobgoblins
  4 jackals (D:4)
  16 quokkas
  3 frilled lizards
  6 goblins
  5 kobolds
  14 rats
  A butterfly (D:4)
164 creatures vanquished.

Vanquished Creatures (collateral kills)
  A gnoll (D:7)
  An endoplasm (D:4)
2 creatures vanquished.

Grand Total: 166 creatures vanquished

Notes
Turn   | Place    | Note
-------+----------+-------------------------------------------
     0 | D:1      | Newt the Demonspawn Gladiator began the quest for the Orb.
     0 | D:1      | Reached XP level 1. HP: 16/16 MP: 1/1
   121 | D:1      | Reached skill level 1 in Stealth
   258 | D:1      | Gained mutation: You may rarely emit foul miasma when
                  | damaged in melee. [demonic ancestry]
   258 | D:1      | Reached XP level 2. HP: 19/22 MP: 2/2
  1080 | D:1      | Reached skill level 3 in Short Blades
  1256 | D:2      | Gained mutation: You have a pair of small antennae on your
                  | head. [demonic ancestry]
  1256 | D:2      | Reached XP level 3. HP: 11/27 MP: 3/3
  1466 | D:2      | Noticed Terence
  1490 | D:2      | Killed Terence
  1673 | D:2      | Reached skill level 4 in Short Blades
  1673 | D:2      | Gained mutation: A weak demonic guardian rushes to your
                  | aid. [demonic ancestry]
  1673 | D:2      | Reached XP level 4. HP: 32/33 MP: 4/4
  1683 | D:2      | Found a faded altar of an unknown god.
  1794 | D:2      | Noticed Sigmund
  1858 | D:2      | Killed Sigmund
  1859 | D:2      | Reached XP level 5. HP: 38/42 MP: 5/5
  1966 | D:2      | Identified the +8 dagger of the Orbs {venom, MP+9}
  2148 | D:2      | Identified the +7 whip of Courage {vorpal, MP+9 Dex+6}
  2167 | D:2      | Found a runed translucent door.
  2168 | D:2      | Noticed Crazy Yiuf
  2178 | D:2      | Killed Crazy Yiuf
  2179 | D:2      | Gained mutation: You have a pair of antennae on your head.
                  | [demonic ancestry]
  2179 | D:2      | Reached XP level 6. HP: 48/48 MP: 6/6
  2247 | D:3      | Found a burning altar of Makhleb.
  2316 | D:3      | Noticed Jessica
  2335 | D:3      | Killed Jessica
  2595 | D:4      | Noticed Eustachio
  2603 | D:4      | Killed Eustachio
  2604 | D:4      | Reached skill level 5 in Short Blades
  2634 | D:4      | Gained mutation: You sometimes emit foul miasma when
                  | damaged in melee. [demonic ancestry]
  2634 | D:4      | Reached XP level 7. HP: 50/54 MP: 7/7
  2843 | D:4      | Reached skill level 6 in Short Blades
  3011 | D:4      | Found the +0 mask of the Dragon {Will+ Slay+3 SInv}
  3303 | D:4      | Found a staircase to the Ecumenical Temple.
  3326 | D:4      | Found a hazy altar of Hepliaklqana.
  3358 | D:5      | Entered Level 5 of the Dungeon
  3393 | D:5      | Identified the +1 cloak of Volecy {rElec rPois Str-3 Dex-2}
  3553 | D:5      | Reached skill level 5 in Dodging
  3700 | D:5      | Reached XP level 8. HP: 49/60 MP: 8/8
  4034 | D:5      | Found a radiant altar of Vehumet.
  4213 | D:5      | Reached skill level 5 in Stealth
  4536 | D:5      | Found a shimmering blue altar of Sif Muna.
  4791 | Temple   | Entered the Ecumenical Temple
  5095 | Temple   | Became a worshipper of Dithmenos the Shadowed
  5236 | D:6      | Found Ynnumm's Jewellery Shop.
  5313 | D:6      | Reached skill level 1 in Armour
  5650 | D:6      | Found Mequrchi's Jewellery Boutique.
  5775 | D:6      | Found Zuuc's Jewellery Boutique.
  5778 | D:6      | Bought an amulet of reflection for 330 gold pieces
  5855 | D:6      | Found a shimmering altar of Xom.
  6058 | D:6      | Gained mutation: You are partially covered in molten
                  | scales. (AC +2) [demonic ancestry]
  6058 | D:6      | Reached XP level 9. HP: 65/65 MP: 9/9
  6212 | D:7      | Reached * piety under Dithmenos
  6265 | D:7      | Noticed a boulder beetle
  6275 | D:7      | Reached skill level 5 in Fighting
  6279 | D:7      | Killed a boulder beetle
  6286 | D:7      | Reached skill level 7 in Short Blades
  6440 | D:7      | Found a blossoming altar of Fedhas.
  6540 | D:7      | Found a flagged portal.
  6550 | Bailey   | Entered a bailey
  6740 | Bailey   | Reached skill level 8 in Short Blades
  6740 | Bailey   | Reached skill level 1 in Evocations
  6778 | Bailey   | Noticed an orc knight
  6795 | Bailey   | Mangled by an orc warrior

Illustrated notes

Levels and vault maps discovered:
D:1:      lemuel_arrival_tunnels, layout_loops_corners, moated_statue
D:2:      layout_rooms, shapermc_ecumenical_altar_notcrosses, uniq_sigmund,
          uniq_terence, uniq_crazy_yiuf_cottage
D:3:      layout_rooms, nicolae_overflow_two_pavilions, uniq_jessica
D:4:      layout_basic, nzn_hepliaklqana_mist_gate,
          minmay_temple_entry_butterflies, minmay_checkerbox, uniq_eustachio
D:5:      lemuel_ratsnest, layout_basic, led_sif_pool, vehumet_altar_wand_db
D:6:      layout_rooms, mainiacjoe_overflow_brackets, serial_shops, shop, shop,
          nicolae_shop_hallway_stairs
D:7:      layout_gridville, mainiacjoe_overflow_chevrons,
          nicolae_overflow_crystal_walls, enter_bailey_6,
          minmay_manual_macuahuitl, uniq_maggie
Temple:   oiseaux_autumnal_temple
Bailey:   bailey_polearm_elven_captive_hellmonk, bailey

Skill      XL: |  1  2  3  4  5  6  7  8  9 |
---------------+----------------------------+-----
Stealth        | 1 2 6 |  6.0
Short Blades   | 3 4 5 6 8 |  8.0
Fighting       | 4 6 |  6.0
Dodging        | 3 4 6 |  6.0
Armour         | 3 4 |  4.0
Evocations     | 2 |  2.7
Throwing       | |  1.7

Action                   |  1- 3 |  4- 6 |  7- 9 || total
-------------------------+-------+-------+-------++-------
Melee: Rapier            |   107 |    18 |       ||   125
       Dagger            |       |    53 |   329 ||   382
       Punch             |       |       |     2 ||     2
Throw: Throwing net      |     1 |       |     1 ||     2
       Dart              |       |     2 |       ||     2
Evoke: Wand              |       |       |     1 ||     1
  Use: Scroll            |     3 |     3 |     6 ||    12
       Potion            |       |     3 |     4 ||     7
 Stab: Sleeping          |     2 |     4 |     4 ||    10
       Held in net/web   |     1 |       |     1 ||     2
Armor: Leather armour    |    22 |    10 |    35 ||    67
Dodge: Dodged            |    60 |    42 |   166 ||   268
Block: Buckler           |       |       |    71 ||    71

Table legend: (Time is in decaauts)
 A = Elapsed time spent in this place.
 B = Non-inter-level travel time spent in this place.
 C = Inter-level travel time spent in this place.
 D = Time resting spent in this place.
 E = Time spent auto-exploring this place.
 F = Levels seen in this place.
 G = Mean time per level.
                   A        B        C        D        E       F      G
               +--------+--------+--------+--------+--------+-----+--------+
         Total |   6700 |   6370 |    330 |   1377 |   3725 |   9 |  744.4 |
       Dungeon |   6121 |   5872 |    249 |   1213 |   3456 |   7 |  874.4 |
        Temple |    343 |    263 |     80 |      0 |    250 |   1 |  343.0 |
        Bailey |    234 |    234 |      0 |    164 |     19 |   1 |  234.0 |
               +--------+--------+--------+--------+--------+-----+--------+

Top non-repeatable levels by time:
     D:5: 1411 daAuts
     D:1: 1231 daAuts
     D:6: 928 daAuts
     D:2: 916 daAuts
     D:4: 775 daAuts
     D:3: 444 daAuts
     D:7: 414 daAuts
  Temple: 343 daAuts
  Bailey: 234 daAuts
